 Dungeon Crawl Stone Soup version 0.28.0-45-g0d030f2227 (webtiles) character file.

Game seed: 1309416487171878363

92 seaoflcl the Covered (level 4, -9/35 HPs)
             Began as a Human Fighter on Apr 10, 2022.
             Killed by an exploding goblin (20 damage)
             ... ignited by their inner flame
             ... on level 3 of the Dungeon.
             The game lasted 00:03:59 (2576 turns).

seaoflcl the Covered (Human Fighter)                Turns: 2576, Time: 00:04:00

Health: -9/35      AC:  9    Str: 19    XL:     4   Next: 90%
Magic:  4/4        EV:  9    Int:  8    God:
Gold:   60         SH:  4    Dex: 12    Spells: 3/3 levels left

rFire   . . .      SeeInvis .   n - +1 short sword (venom)
rCold   . . .      Faith    .   c - +0 buckler
rNeg    . . .      Spirit   .   b - +0 scale mail
rPois   .          Reflect  .   e - +0 helmet
rElec   .          Harm     .   (no cloak)
rCorr   +          Rampage  .   q - +0 pair of gloves
Will    .....                   (no boots)
Stlth   ..........              (no amulet)
HPRegen 0.11/turn               p - ring of wizardry
MPRegen 0.09/turn               s - ring of resist corrosion

@: no status effects
A: no striking features
a: no special abilities


You were on level 3 of the Dungeon.
You visited 1 branch of the dungeon, and saw 3 of its levels.

You collected 60 gold pieces.

Inventory:

Hand Weapons
 a - a +0 long sword
 n - a +1 short sword of venom (weapon)
Missiles
 f - 13 sling bullets
Armour
 b - a +0 scale mail (worn)
 c - a +0 buckler (worn)
 e - a +0 helmet (worn)
 q - a +0 pair of gloves (worn)
Jewellery
 p - a ring of wizardry (left hand)
 s - a ring of resist corrosion (right hand)
Scrolls
 g - 2 scrolls of immolation
 h - a scroll of identify {unknown}
 k - a scroll of fog {unknown}
 l - a scroll of enchant armour {unknown}
 r - a scroll of amnesia {unknown}
Potions
 d - a potion of might
 i - a potion of attraction {unknown}
 j - a potion of lignification {unknown}
 m - a potion of flight {unknown}
 o - a potion of curing {unknown}


   Skills:
 + Level 3.2 Fighting
 + Level 0.9(2.0) Short Blades
 + Level 2.8(3.0) Long Blades
 + Level 3.8 Armour
 + Level 0.5 Dodging
 + Level 3.5 Shields


You had 3 spell levels left.
You didn't know any spells.
Your spell library contained the following spells:

 Spells                   Type           Power      Damage    Failure   Level
 Animate Skeleton         Necr           0%         N/A       52%         1
 Apportation              Tloc           0%         N/A       52%         1
 Summon Small Mammal      Summ           0%         N/A       52%         1
 Summon Ice Beast         Ice/Summ       0%         N/A       99%         4
 Summon Mana Viper        Hex/Summ       0%         N/A       100%        5
 Conjure Ball Lightning   Conj/Air       0%         3x3d6     100%        6
 Monstrous Menagerie      Summ           0%         N/A       100%        7
 Discord                  Hex            0%         N/A       100%        8
 Disjunction              Tloc           0%         N/A       100%        8


Dungeon Overview and Level Annotations

Branches:
Dungeon (3/15)

Altars:

Shops:
D:1 ?   D:2 [


Message History

You kill the goblin!
Robin throws the goblin at you!
The goblin hits you with a +0 dagger of speed.
You barely miss the goblin.
The goblin unwields a +0 hunting sling.
The goblin wields a +0 dagger.
You block the goblin's attack. The goblin hits you but does no damage.
Robin roars a battlecry!
The goblin goes into a battle-frenzy!
You barely miss the goblin.
The goblin no longer looks unusually strong.
The goblin hits you with a +0 dagger of speed.
The goblin hits you but does no damage. You block the goblin's attack.
You barely miss the goblin.
The goblin hits you with a +0 dagger of speed.
* * * LOW HITPOINT WARNING * * *
The goblin misses you. The goblin closely misses you.
You puncture the goblin!
You kill the goblin!
The hobgoblin no longer looks unusually strong.
You block the goblin's attack.
Robin roars a battlecry!
The hobgoblin goes into a battle-frenzy!
The hobgoblin no longer looks unusually strong.
Items here: ( )))).
Okay, then.
As you read the scroll labelled YTRUANNYILLA, it crumbles to dust.
The creatures around you are filled with an inner flame!
It was a scroll of immolation.
You block the goblin's attack. Robin throws the goblin at you!
The goblin barely misses you.
The goblin no longer looks unusually strong.
Robin roars a battlecry!
You barely miss the goblin. The goblin closely misses you.
You block the goblin's attack.
You hit the goblin.
Flame seeps out of the goblin.
The goblin is poisoned.
The goblin is moderately wounded.
The goblin is engulfed in blazing flames.
The goblin explodes!
The fiery explosion engulfs Robin!!
The fiery explosion engulfs you!!
Ouch! That really hurt!
You die...

.......>...#
#.....#
###....###.#
#.###.# #....#
#.# #.# #.#
#†...# #.# #.#
#.# #....# #.#
#.# #.#
###....#
#.#####.# #.#
<....###
#....##.# #.#
######
####.##.# #.#
.. #.##@# #.#
#.#######.##○#
#.#
#..........§§#
#.# o
#..######g####
#.#


g.g #.. #.# #.# .ggg#.. #####g######.# ....go.##...g........#
.......ggg....######## #.#...g.og##..# There were no monsters in sight!

Vanquished Creatures
  Robin (D:3)
  2 adders (D:2)
  A dart slug (D:2)
  3 orcs
  7 bats
  7 endoplasms
  3 giant cockroaches
  7 hobgoblins
  3 jackals (D:1)
  2 quokkas
  7 ball pythons
  2 frilled lizards (D:1)
  10 goblins
  6 kobolds
  2 rats
63 creatures vanquished.

Notes
Turn   | Place    | Note
-------+----------+-------------------------------------------
     0 | D:1      | seaoflcl the Human Fighter began the quest for the Orb.
     0 | D:1      | Reached XP level 1. HP: 18/18 MP: 1/1
   189 | D:1      | Reached XP level 2. HP: 14/24 MP: 2/2
   538 | D:1      | Reached XP level 3. HP: 29/29 MP: 3/3
   683 | D:1      | Found Casac's Magic Scroll Boutique.
  1398 | D:2      | Found Holof's Antique Armour Shoppe.
  1774 | D:2      | Reached XP level 4. HP: 23/35 MP: 4/4
  2531 | D:3      | Noticed Robin
  2576 | D:3      | Killed Robin
  2576 | D:3      | Killed by an exploding goblin... ignited by their inner
                  | flame

Illustrated notes

Levels and vault maps discovered:
D:1:      lightli_arrival_quake, layout_rooms, serial_shops, nicolae_shop_trees
D:2:      layout_loops_corners, serial_shops, shop, kennysheep_cross_bottleneck,
          chequers_serial_rivers_room_b, minmay_divided_ellipse
D:3:      layout_basic, mainiacjoe_overflow_concentric_impassable,
          hellmonk_ecumenical_altar_leap_of_faith, uniq_robin

Action                   |  1- 3 |  4- 6 || total
-------------------------+-------+-------++-------
Melee: Long sword        |    72 |       ||    72
       Short sword       |    24 |    67 ||    91
  Use: Scroll            |       |     1 ||     1
Armor: Scale mail        |    73 |    27 ||   100
Dodge: Dodged            |    62 |    17 ||    79
Block: Buckler           |    32 |    10 ||    42
